3017 views
Uploaded 2020-02-16 20:32:33
Game version 1.32 / 1.32.1
16:46 long 3on3 ladder game on (6)RollingHills
Saved by BEARAND
3017 views
Uploaded 2020-02-16 20:32:33
Game version 1.32 / 1.32.1
16:46 long 3on3 ladder game on (6)RollingHills


58 units @ 4.1k
/ 0k
122 buildings @ 8.8k
/ 3.5k



| Scroll of Regeneration | 2 | 200 |
| Staff of Sanctuary | 2 | 500 |
| Orb of Fire | 1 | 325 |
| Boots of Speed | 3 | 750 |
| Orb of Venom | 2 | 650 |
| total: | 10 | 2425g |
| Peasant | 14 | 1050 | / | 0 |
| total: | 14 | 1050g | / | 0w |
| Scout Tower | 34 | 1020 | / | 680 |
| Arcane Tower | 5 | 350 | / | 250 |
| Guard Tower | 22 | 1540 | / | 1100 |
| Altar of Kings | 1 | 180 | / | 50 |
| Lumber Mill | 1 | 120 | / | 0 |
| Farm | 4 | 320 | / | 80 |
| Arcane Vault | 2 | 260 | / | 60 |
| Arcane Sanctum | 1 | 150 | / | 140 |
| Keep | 1 | 320 | / | 210 |
| Castle | 1 | 360 | / | 210 |
| total: | 43 | 2050g | / | 1010w |
| 0:02 | Peasant |
| 0:04 | Altar of Kings |
| 0:05 | Peasant |
| 0:15 | Peasant |
| 0:21 | Lumber Mill |
| 0:22 | Peasant |
| 0:27 | Farm |
| 0:47 | Peasant |
| 1:04 | Farm |
| 1:09 | Peasant |
| 1:18 | Peasant |
| 1:26 | Peasant |
| 1:42 | Peasant |
| 1:50 | Blizzard |
| 1:57 | Scout Tower |
| 1:58 | Peasant |
| 2:04 | Peasant |
| 2:08 | Improved Masonry |
| 2:20 | Scout Tower |
| 2:22 | Arcane Tower |
| 2:27 | Peasant |
| 2:49 | Guard Tower |
| 2:51 | Scout Tower |
| 2:55 | Peasant |
| 2:57 | Scout Tower |
| 3:13 | Peasant |
| 3:16 | Guard Tower |
| 3:17 | Scout Tower |
| 3:38 | Guard Tower |
| 3:42 | Scout Tower |
| 3:47 | Keep |
| 3:48 | Guard Tower |
| 3:49 | Scout Tower |
| 4:13 | Guard Tower |
| 4:15 | Scout Tower |
| 4:16 | Scout Tower |
| 4:18 | Guard Tower |
| 4:19 | Scout Tower |
| 4:20 | Scout Tower |
| 4:50 | Guard Tower |
| 4:54 | Farm |
| 5:06 | Guard Tower |
| 5:07 | Scout Tower |
| 5:08 | Scout Tower |
| 5:15 | Boots of Speed |
| 5:18 | Guard Tower |
| 5:20 | Scout Tower |
| 5:21 | Scout Tower |
| 5:24 | Scout Tower |
| 5:53 | Brilliance Aura |
| 6:03 | Arcane Tower |
| 6:12 | Guard Tower |
| 6:39 | Guard Tower |
| 6:42 | Arcane Vault |
| 7:16 | Scout Tower |
| 7:16 | Scout Tower |
| 7:22 | Advanced Masonry |
| 7:26 | Flame Strike |
| 7:47 | Boots of Speed |
| 8:04 | Castle |
| 8:11 | Scout Tower |
| 8:12 | Scout Tower |
| 8:17 | Arcane Tower |
| 8:33 | Arcane Sanctum |
| 8:54 | Guard Tower |
| 8:56 | Scout Tower |
| 8:57 | Scout Tower |
| 9:17 | Guard Tower |
| 9:20 | Scroll of Regeneration |
| 9:50 | Guard Tower |
| 10:03 | Guard Tower |
| 10:39 | Scroll of Regeneration |
| 10:41 | Staff of Sanctuary |
| 10:44 | Scout Tower |
| 10:44 | Scout Tower |
| 10:49 | Farm |
| 10:51 | Magic Sentry |
| 10:58 | Orb of Venom |
| 11:16 | Guard Tower |
| 11:51 | Rain of Fire |
| 12:01 | Arcane Vault |
| 12:03 | Guard Tower |
| 12:04 | Scout Tower |
| 12:05 | Scout Tower |
| 12:17 | Imbued Masonry |
| 12:20 | Scout Tower |
| 12:21 | Scout Tower |
| 12:28 | Boots of Speed |
| 12:36 | Guard Tower |
| 13:07 | Guard Tower |
| 13:08 | Scout Tower |
| 13:09 | Scout Tower |
| 13:36 | Blizzard |
| 13:49 | Guard Tower |
| 13:55 | Staff of Sanctuary |
| 13:58 | Orb of Fire |
| 14:04 | Guard Tower |
| 14:05 | Scout Tower |
| 14:06 | Scout Tower |
| 14:30 | Arcane Tower |
| 14:52 | Arcane Tower |
| 15:07 | Guard Tower |
| 15:08 | Scout Tower |
| 15:08 | Scout Tower |
| 15:17 | Orb of Venom |
| 16:21 | Siphon Mana |
| Right click | 1085 |
| Select group | 796 |
| Assign group | 630 |
| Select | 192 |
| Build/train/purchase | 81 |
| Use ability | 62 |
| Misc. action | 15 |
| Chat | 11 |



| Staff of Sanctuary | 3 | 750 |
| Staff of Teleportation | 3 | 450 |
| Boots of Speed | 3 | 750 |
| Periapt of Vitality | 1 | 325 |
| Circlet of Nobility | 1 | 175 |
| Orb of Venom | 2 | 650 |
| total: | 13 | 3100g |
| Peasant | 13 | 975 | / | 0 |
| Priest | 1 | 135 | / | 10 |
| Sorceress | 1 | 155 | / | 20 |
| total: | 15 | 1265g | / | 30w |
| Scout Tower | 43 | 1290 | / | 860 |
| Arcane Tower | 4 | 280 | / | 200 |
| Guard Tower | 33 | 2310 | / | 1650 |
| Altar of Kings | 1 | 180 | / | 50 |
| Farm | 7 | 560 | / | 140 |
| Lumber Mill | 1 | 120 | / | 0 |
| Arcane Vault | 2 | 260 | / | 60 |
| Blacksmith | 1 | 140 | / | 60 |
| Arcane Sanctum | 1 | 150 | / | 140 |
| Gryphon Aviary | 1 | 140 | / | 150 |
| Keep | 1 | 320 | / | 210 |
| Castle | 2 | 720 | / | 420 |
| total: | 57 | 2840g | / | 1460w |
| 0:04 | Peasant |
| 0:04 | Peasant |
| 0:13 | Altar of Kings |
| 0:20 | Farm |
| 0:24 | Peasant |
| 0:24 | Peasant |
| 0:38 | Peasant |
| 0:41 | Farm |
| 0:51 | Lumber Mill |
| 1:09 | Peasant |
| 1:14 | Peasant |
| 1:25 | Peasant |
| 1:46 | Scout Tower |
| 1:50 | Peasant |
| 1:56 | Peasant |
| 1:58 | Scout Tower |
| 2:11 | Arcane Tower |
| 2:13 | Scout Tower |
| 2:13 | Blizzard |
| 2:18 | Scout Tower |
| 2:24 | Scout Tower |
| 2:25 | Guard Tower |
| 2:37 | Peasant |
| 2:38 | Peasant |
| 2:38 | Peasant |
| 2:39 | Guard Tower |
| 2:41 | Scout Tower |
| 2:49 | Guard Tower |
| 2:59 | Guard Tower |
| 3:02 | Scout Tower |
| 3:09 | Scout Tower |
| 3:11 | Guard Tower |
| 3:29 | Scout Tower |
| 3:30 | Guard Tower |
| 3:33 | Scout Tower |
| 3:41 | Keep |
| 3:43 | Guard Tower |
| 3:45 | Scout Tower |
| 3:50 | Farm |
| 3:50 | Farm |
| 4:02 | Guard Tower |
| 4:06 | Scout Tower |
| 4:07 | Guard Tower |
| 4:16 | Staff of Teleportation |
| 4:46 | Brilliance Aura |
| 4:47 | Boots of Speed |
| 4:49 | Guard Tower |
| 4:51 | Scout Tower |
| 4:53 | Scout Tower |
| 4:59 | Guard Tower |
| 5:09 | Improved Masonry |
| 6:06 | Scout Tower |
| 6:06 | Scout Tower |
| 6:07 | Scout Tower |
| 6:08 | Scout Tower |
| 6:32 | Guard Tower |
| 6:33 | Guard Tower |
| 6:35 | Arcane Vault |
| 6:36 | Scout Tower |
| 6:43 | Scout Tower |
| 6:50 | Advanced Masonry |
| 7:01 | Storm Bolt |
| 7:09 | Guard Tower |
| 7:09 | Arcane Tower |
| 7:24 | Staff of Teleportation |
| 7:42 | Boots of Speed |
| 8:14 | Castle |
| 8:23 | Scout Tower |
| 8:32 | Arcane Sanctum |
| 8:55 | Guard Tower |
| 8:58 | Scout Tower |
| 8:59 | Guard Tower |
| 9:00 | Scout Tower |
| 9:01 | Scout Tower |
| 9:02 | Arcane Tower |
| 9:24 | Arcane Vault |
| 9:29 | Guard Tower |
| 9:31 | Scout Tower |
| 9:32 | Scout Tower |
| 9:33 | Scout Tower |
| 9:40 | Guard Tower |
| 9:52 | Magic Sentry |
| 9:54 | Priest |
| 10:07 | Guard Tower |
| 10:09 | Guard Tower |
| 10:42 | Blizzard |
| 11:11 | Guard Tower |
| 11:13 | Scout Tower |
| 11:13 | Scout Tower |
| 11:14 | Scout Tower |
| 11:14 | Scout Tower |
| 11:24 | Scout Tower |
| 11:25 | Scout Tower |
| 11:36 | Gryphon Aviary |
| 11:37 | Blacksmith |
| 11:51 | Staff of Sanctuary |
| 12:02 | Staff of Sanctuary |
| 12:18 | Holy Light |
| 12:26 | Guard Tower |
| 12:28 | Scout Tower |
| 12:29 | Scout Tower |
| 12:29 | Scout Tower |
| 12:31 | Scout Tower |
| 12:32 | Scout Tower |
| 12:32 | Scout Tower |
| 12:33 | Scout Tower |
| 12:33 | Scout Tower |
| 12:34 | Scout Tower |
| 12:34 | Scout Tower |
| 12:59 | Periapt of Vitality |
| 13:13 | Farm |
| 13:14 | Farm |
| 13:14 | Farm |
| 13:16 | Imbued Masonry |
| 13:19 | Sorceress Adept Training |
| 13:35 | Sorceress |
| 13:42 | Boots of Speed |
| 14:21 | Staff of Teleportation |
| 14:24 | Circlet of Nobility |
| 14:29 | Guard Tower |
| 15:07 | Orb of Venom |
| 15:08 | Orb of Venom |
| 15:17 | Staff of Sanctuary |
| 15:20 | Guard Tower |
| 15:57 | Bash |
| Right click | 1335 |
| Select | 480 |
| Select group | 140 |
| Build/train/purchase | 128 |
| Chat | 46 |
| Use ability | 40 |
| Misc. action | 18 |
| Assign group | 11 |
| Item give/drop | 4 |
| Minimap ping | 2 |



| Orb of Venom | 1 | 325 |
| Staff of Teleportation | 3 | 450 |
| Boots of Speed | 3 | 750 |
| Circlet of Nobility | 4 | 700 |
| Periapt of Vitality | 1 | 325 |
| Staff of Sanctuary | 3 | 750 |
| total: | 15 | 3300g |
| Wisp | 29 | 1740 | / | 0 |
| total: | 29 | 1740g | / | 0w |
| Moon Well | 16 | 2880 | / | 640 |
| Altar of Elders | 1 | 180 | / | 50 |
| Tree of Life | 1 | 340 | / | 185 |
| Hunter's Hall | 1 | 210 | / | 100 |
| Ancient of Wonders | 3 | 270 | / | 90 |
| Tree of Ages | 1 | 320 | / | 180 |
| Tree of Eternity | 1 | 330 | / | 200 |
| total: | 22 | 3880g | / | 1065w |
| 0:03 | Wisp |
| 0:10 | Moon Well |
| 0:20 | Wisp |
| 0:21 | Wisp |
| 0:23 | Wisp |
| 0:38 | Altar of Elders |
| 0:44 | Wisp |
| 0:44 | Wisp |
| 0:45 | Wisp |
| 1:05 | Moon Well |
| 1:20 | Wisp |
| 1:21 | Wisp |
| 1:21 | Wisp |
| 1:52 | Wisp |
| 1:52 | Wisp |
| 2:09 | Wisp |
| 2:09 | Wisp |
| 2:37 | Wisp |
| 2:37 | Wisp |
| 2:37 | Wisp |
| 2:48 | Entangling Roots |
| 3:01 | Moon Well |
| 3:29 | Wisp |
| 3:29 | Wisp |
| 3:29 | Wisp |
| 3:42 | Wisp |
| 3:42 | Wisp |
| 3:43 | Wisp |
| 3:43 | Wisp |
| 4:12 | Staff of Teleportation |
| 4:13 | Boots of Speed |
| 4:13 | Circlet of Nobility |
| 4:33 | Tree of Ages |
| 5:49 | Tree of Life |
| 6:36 | Thorns Aura |
| 6:39 | Moon Well |
| 6:41 | Moon Well |
| 7:04 | Tree of Eternity |
| 7:34 | Hunter's Hall |
| 7:38 | Moon Well |
| 7:43 | Ancient of Wonders |
| 7:59 | Moon Well |
| 8:02 | Trueshot Aura |
| 9:04 | Ultravision |
| 9:17 | Wisp |
| 9:17 | Wisp |
| 9:17 | Wisp |
| 9:18 | Wisp |
| 9:18 | Wisp |
| 9:33 | Frost Arrows |
| 9:41 | Staff of Teleportation |
| 9:41 | Boots of Speed |
| 9:54 | Circlet of Nobility |
| 9:54 | Circlet of Nobility |
| 11:25 | Well Spring |
| 11:29 | Moon Well |
| 11:30 | Moon Well |
| 11:34 | Moon Well |
| 11:34 | Moon Well |
| 11:57 | Ancient of Wonders |
| 11:57 | Ancient of Wonders |
| 12:19 | Staff of Teleportation |
| 12:19 | Boots of Speed |
| 12:22 | Circlet of Nobility |
| 12:41 | Entangling Roots |
| 12:49 | Staff of Sanctuary |
| 12:55 | Moon Well |
| 13:11 | Orb of Venom |
| 14:05 | Searing Arrows |
| 14:14 | Moon Well |
| 14:15 | Moon Well |
| 14:16 | Moon Well |
| 14:17 | Moon Well |
| 14:57 | Staff of Sanctuary |
| 15:12 | Periapt of Vitality |
| 15:31 | Staff of Sanctuary |
| Right click | 950 |
| Select group | 441 |
| Resource trade | 148 |
| Select | 125 |
| Build/train/purchase | 78 |
| Use ability | 41 |
| Chat | 29 |
| Misc. action | 23 |
| Minimap ping | 13 |
| Assign group | 5 |
| Esc | 5 |
113 units @ 14.8k
/ 2.2k
54 buildings @ 7.3k
/ 3k


| Healing Salve | 2 | 200 |
| Scroll of Speed | 1 | 50 |
| total: | 3 | 250g |
| Peon | 7 | 525 | / | 0 |
| Grunt | 1 | 200 | / | 0 |
| Troll Headhunter | 13 | 1820 | / | 260 |
| Shaman | 3 | 390 | / | 60 |
| Demolisher | 4 | 880 | / | 200 |
| Goblin Shredder | 1 | 375 | / | 100 |
| total: | 29 | 4190g | / | 620w |
| Altar of Storms | 2 | 360 | / | 100 |
| Orc Burrow | 7 | 1120 | / | 280 |
| Barracks | 2 | 360 | / | 100 |
| War Mill | 1 | 205 | / | 0 |
| Voodoo Lounge | 1 | 130 | / | 30 |
| Spirit Lodge | 1 | 150 | / | 150 |
| Stronghold | 1 | 315 | / | 190 |
| Fortress | 1 | 325 | / | 190 |
| total: | 14 | 2325g | / | 660w |
| 0:02 | Peon |
| 0:02 | Peon |
| 0:07 | Altar of Storms |
| 0:09 | Altar of Storms |
| 0:12 | Peon |
| 0:21 | Orc Burrow |
| 0:35 | Barracks |
| 0:39 | Barracks |
| 0:42 | Peon |
| 1:05 | War Mill |
| 1:11 | Peon |
| 1:40 | Grunt |
| 1:56 | Orc Burrow |
| 2:20 | Endurance Aura |
| 2:22 | Troll Headhunter |
| 2:22 | Troll Headhunter |
| 2:30 | Voodoo Lounge |
| 3:14 | Troll Headhunter |
| 3:14 | Troll Headhunter |
| 3:15 | Troll Headhunter |
| 3:21 | Peon |
| 3:21 | Peon |
| 3:53 | Stronghold |
| 4:25 | Orc Burrow |
| 4:28 | Troll Headhunter |
| 4:34 | Steel Ranged Weapons |
| 5:11 | Orc Burrow |
| 5:33 | Troll Headhunter |
| 5:33 | Troll Headhunter |
| 5:41 | Troll Headhunter |
| 6:46 | War Stomp |
| 6:52 | Troll Headhunter |
| 6:52 | Troll Headhunter |
| 6:55 | Orc Burrow |
| 7:25 | Healing Wave |
| 7:33 | Spirit Lodge |
| 8:37 | Troll Headhunter |
| 8:37 | Troll Headhunter |
| 9:23 | Goblin Shredder |
| 9:33 | Fortress |
| 9:35 | Thorium Ranged Weapons |
| 9:45 | Shaman Adept Training |
| 9:46 | Shaman |
| 9:58 | Hex |
| 10:01 | Endurance Aura |
| 10:13 | Healing Salve |
| 10:17 | Healing Salve |
| 10:18 | Scroll of Speed |
| 10:49 | Demolisher |
| 10:49 | Demolisher |
| 11:53 | Orc Burrow |
| 11:56 | Orc Burrow |
| 11:57 | Berserker Upgrade |
| 12:39 | Arcanite Ranged Weapons |
| 12:43 | Troll Regeneration |
| 12:46 | Shaman Master Training |
| 12:47 | Shaman |
| 12:47 | Shaman |
| 15:06 | Burning Oil |
| 15:21 | Demolisher |
| 15:22 | Demolisher |
| Right click | 581 |
| Select | 344 |
| Build/train/purchase | 56 |
| Misc. action | 53 |
| Assign group | 22 |
| Select group | 11 |
| Use ability | 9 |
| Minimap ping | 4 |
| Remove unit | 2 |
| Item give/drop | 1 |


| Peasant | 10 | 750 | / | 0 |
| Footman | 8 | 1080 | / | 0 |
| Rifleman | 5 | 1025 | / | 150 |
| Mortar Team | 9 | 1620 | / | 630 |
| total: | 32 | 4475g | / | 780w |
| Scout Tower | 5 | 150 | / | 100 |
| Arcane Tower | 2 | 140 | / | 100 |
| Altar of Kings | 1 | 180 | / | 50 |
| Barracks | 1 | 160 | / | 60 |
| Farm | 11 | 880 | / | 220 |
| Blacksmith | 1 | 140 | / | 60 |
| Lumber Mill | 1 | 120 | / | 0 |
| Arcane Sanctum | 1 | 150 | / | 140 |
| Workshop | 2 | 280 | / | 280 |
| Keep | 1 | 320 | / | 210 |
| total: | 23 | 2060g | / | 910w |
| 0:02 | Peasant |
| 0:03 | Peasant |
| 0:06 | Altar of Kings |
| 0:20 | Barracks |
| 0:26 | Peasant |
| 0:28 | Peasant |
| 0:34 | Farm |
| 0:49 | Farm |
| 0:53 | Peasant |
| 1:15 | Peasant |
| 1:22 | Peasant |
| 1:25 | Footman |
| 1:34 | Farm |
| 1:46 | Footman |
| 1:55 | Peasant |
| 2:06 | Footman |
| 2:24 | Farm |
| 2:27 | Footman |
| 2:37 | Summon Water Elemental |
| 3:20 | Footman |
| 3:21 | Footman |
| 3:44 | Blacksmith |
| 3:45 | Footman |
| 4:23 | Footman |
| 4:27 | Farm |
| 4:30 | Keep |
| 4:50 | Scout Tower |
| 4:52 | Scout Tower |
| 5:04 | Farm |
| 5:13 | Rifleman |
| 5:27 | Scout Tower |
| 5:29 | Scout Tower |
| 5:36 | Arcane Tower |
| 5:50 | Scout Tower |
| 6:03 | Rifleman |
| 6:05 | Arcane Tower |
| 6:47 | Rifleman |
| 6:47 | Rifleman |
| 6:52 | Arcane Sanctum |
| 7:49 | Rifleman |
| 8:02 | Lumber Mill |
| 8:07 | Peasant |
| 8:13 | Workshop |
| 8:25 | Farm |
| 8:37 | Peasant |
| 9:02 | Improved Lumber Harvesting |
| 9:31 | Mortar Team |
| 9:31 | Mortar Team |
| 9:41 | Black Gunpowder |
| 10:05 | Holy Light |
| 10:51 | Farm |
| 10:55 | Farm |
| 11:14 | Farm |
| 11:16 | Farm |
| 12:01 | Mortar Team |
| 12:01 | Mortar Team |
| 12:18 | Mortar Team |
| 12:21 | Flare |
| 12:29 | Workshop |
| 12:52 | Refined Gunpowder |
| 14:57 | Mortar Team |
| 14:57 | Mortar Team |
| 14:57 | Mortar Team |
| 14:57 | Mortar Team |
| Right click | 349 |
| Select | 141 |
| Misc. action | 48 |
| Build/train/purchase | 48 |
| Select group | 29 |
| Assign group | 11 |
| Use ability | 7 |
| Minimap ping | 1 |

| Wisp | 27 | 1620 | / | 0 |
| Archer | 7 | 910 | / | 70 |
| Huntress | 10 | 1950 | / | 200 |
| Glaive Thrower | 8 | 1680 | / | 520 |
| total: | 52 | 6160g | / | 790w |
| Ancient Protector | 5 | 675 | / | 400 |
| Altar of Elders | 1 | 180 | / | 50 |
| Moon Well | 6 | 1080 | / | 240 |
| Ancient of War | 1 | 150 | / | 60 |
| Hunter's Hall | 1 | 210 | / | 100 |
| Tree of Life | 1 | 340 | / | 185 |
| Chimaera Roost | 2 | 280 | / | 380 |
| Tree of Ages | 1 | 320 | / | 180 |
| Tree of Eternity | 1 | 330 | / | 200 |
| total: | 17 | 2915g | / | 1415w |
| 0:02 | Wisp |
| 0:02 | Wisp |
| 0:04 | Altar of Elders |
| 0:23 | Moon Well |
| 0:34 | Ancient of War |
| 0:36 | Wisp |
| 0:36 | Wisp |
| 0:44 | Wisp |
| 0:51 | Wisp |
| 1:18 | Wisp |
| 1:18 | Wisp |
| 1:31 | Moon Well |
| 1:39 | Wisp |
| 1:39 | Wisp |
| 1:44 | Archer |
| 1:46 | Wisp |
| 2:18 | Force of Nature |
| 2:23 | Hunter's Hall |
| 2:35 | Moon Well |
| 3:19 | Moon Well |
| 3:21 | Archer |
| 3:29 | Archer |
| 3:29 | Archer |
| 3:40 | Huntress |
| 3:52 | Ancient Protector |
| 4:27 | Ancient Protector |
| 4:49 | Huntress |
| 4:49 | Huntress |
| 5:42 | Wisp |
| 5:43 | Wisp |
| 5:43 | Wisp |
| 5:50 | Glaive Thrower |
| 5:51 | Glaive Thrower |
| 5:51 | Glaive Thrower |
| 6:54 | Ancient Protector |
| 7:01 | Ancient Protector |
| 7:13 | Ancient Protector |
| 7:30 | Tree of Life |
| 7:53 | Wisp |
| 7:53 | Wisp |
| 7:54 | Wisp |
| 8:09 | Glaive Thrower |
| 8:20 | Wisp |
| 8:21 | Wisp |
| 8:40 | Ultravision |
| 10:04 | Glaive Thrower |
| 10:05 | Glaive Thrower |
| 10:06 | Tree of Ages |
| 10:10 | Wisp |
| 10:10 | Wisp |
| 10:10 | Wisp |
| 10:10 | Wisp |
| 10:10 | Wisp |
| 10:55 | Glaive Thrower |
| 10:55 | Glaive Thrower |
| 11:46 | Moon Well |
| 12:45 | Tree of Eternity |
| 13:52 | Archer |
| 13:52 | Archer |
| 13:52 | Archer |
| 14:12 | Moon Well |
| 14:59 | Huntress |
| 14:59 | Huntress |
| 15:00 | Huntress |
| 15:00 | Huntress |
| 15:00 | Huntress |
| 15:00 | Huntress |
| 15:00 | Huntress |
| 15:06 | Moon Glaive |
| 15:10 | Chimaera Roost |
| 15:14 | Wisp |
| 15:14 | Wisp |
| 15:14 | Wisp |
| 15:21 | Chimaera Roost |
| Right click | 357 |
| Select | 165 |
| Build/train/purchase | 68 |
| Select group | 62 |
| Misc. action | 19 |
| Assign group | 17 |
| Use ability | 11 |
| Remove unit | 6 |
| Minimap ping | 2 |
โ